 Dungeon Crawl Stone Soup version 0.25.1-2-g60ff931df9 (webtiles) character file.

Game seed: 4839672558331992668

65 diana the Ducker (level 3, 0/28 HPs)
             Began as a Demonspawn Gladiator on Sept 6, 2020.
             Succumbed to an adder's poison
             ... on level 2 of the Dungeon.
             The game lasted 00:02:36 (1699 turns).

diana the Ducker (Demonspawn Gladiator)             Turns: 1699, Time: 00:02:36

Health: 0/28       AC:  4    Str: 15    XL:     3   Next: 94%
Magic:  3/3        EV: 13    Int:  5    God:
Gold:   74         SH:  6    Dex: 14    Spells: 2/2 levels left

rFire    . . .     SeeInvis .   a - +0 long sword
rCold    . . .     Gourm    .   (no shield)
rNeg     . . .     Faith    +   b - +0 leather armour
rPois    .         Spirit   .   c - +0 helmet
rElec    .         Reflect  .   (no cloak)
rCorr    .         Harm     .   (no gloves)
MR       .....                  (no boots)
Stlth    ..........             m - amulet of faith
HPRegen  0.09/turn              h - ring of attention (curse)
MPRegen  0.08/turn              j - -4 ring of intelligence (curse)

@: lethally poisoned (0 -> -4), flying
A: large bone plates 2
a: no special abilities


You were on level 2 of the Dungeon.
You were very full.

You visited 1 branch of the dungeon, and saw 2 of its levels.

You collected 74 gold pieces.

Inventory:

Hand Weapons
 a - a +0 long sword (weapon)
Missiles
 d - 3 throwing nets (quivered)
Armour
 b - a +0 leather armour (worn)
 c - a +0 helmet (worn)
Jewellery
 h - a cursed ring of attention (left hand)
 j - a cursed -4 ring of intelligence (right hand)
 m - an amulet of faith (around neck)
Scrolls
 e - 3 scrolls of amnesia {unknown}
 g - a scroll of identify {unknown}
 i - a scroll of teleportation {unknown}
 l - a scroll of fear {unknown}


   Skills:
 + Level 2.7 Fighting
 + Level 3.2 Long Blades
 - Level 1.7 Throwing
 + Level 1.3 Armour
 + Level 3.2 Dodging


You had 2 spell levels left.
You didn't know any spells.
Your spell library was empty.

Dungeon Overview and Level Annotations

Branches:
Dungeon (2/15)

Altars:


Innate Abilities, Weirdness & Mutations

You are mostly covered in large bone plates. (SH +6)


Message History

You feel sick.
You hit the dart slug.
You kill the dart slug!
* * * LOW HITPOINT WARNING * * *
You feel sick.
* * * LOW HITPOINT WARNING * * *
You feel sick.
You see here a kobold corpse.
You see here a copper ring.
j - a copper ring
* * * LOW HITPOINT WARNING * * *
You feel sick.
You feel stupid.
Oops, that ring feels deathly cold.
j - a cursed -4 ring of intelligence (right hand)
* * * LOW HITPOINT WARNING * * *
You feel sick.
You eat one of the 2 rations.
That ration really hit the spot!
You eat the ration.
That ration really hit the spot!
You die...

###..........#
#..........####. .
###.###.........
..##..###†...#....
.......†...%...#.#
###....†##....#.
.#...............
.............#$.##
.........@.#.##.#
#........?...# ...
..........?..# ..
##...........(.
#............#..#
.............# ..
............. .
.............


There were no monsters in sight!

Vanquished Creatures
  3 adders (D:2)
  An ooze (D:1)
  A worm (D:2)
  2 dart slugs
  2 leopard geckos (D:2)
  3 bats
  A giant cockroach (D:1)
  3 goblins (D:1)
  3 hobgoblins (D:1)
  A frilled lizard (D:2)
  3 kobolds
  6 rats
29 creatures vanquished.

Notes
Turn   | Place    | Note
-------+----------+-------------------------------------------
     0 | D:1      | diana the Demonspawn Gladiator began the quest for the Orb.
     0 | D:1      | Reached XP level 1. HP: 16/16 MP: 1/1
   597 | D:1      | Gained mutation: You are partially covered in large bone
                  | plates. (SH +4) [demonic ancestry]
   597 | D:1      | Reached XP level 2. HP: 15/22 MP: 2/2
  1451 | D:2      | Reached skill level 1 in Armour
  1451 | D:2      | Gained mutation: You are mostly covered in large bone
                  | plates. (SH +6) [demonic ancestry]
  1451 | D:2      | Reached XP level 3. HP: 12/28 MP: 3/3
  1696 | D:2      | HP: 1/28 [poisoned by an adder]
  1699 | D:2      | Succumbed to an adder's poison

Illustrated notes

Levels and vault maps discovered:
D:1:      lightli_arrival_lavapool, layout_basic, minmay_quantized
D:2:      layout_rooms, nicolae_overflow_hidden_temple, uniq_jessica

Skill      XL: |  1  2 |
---------------+-------+-----
Dodging        | 3 |  3.2
Long Blades    | 3 |  3.2
Armour         | 1 |  1.3
Fighting       | |  2.7
Throwing       | |  1.7

Action                   || total
-------------------------++-------
Melee: Long sword        ||    96
  Use: Potion            ||     2
  Eat: Chunk             ||     2
       Ration            ||     2
Armor: Leather armour    ||    38
Dodge: Dodged            ||    76
Block: Other             ||    19
       Rpst.: Long sword ||    23
